 Dungeon Crawl Stone Soup version 0.22.0-38-g04b72b8 (webtiles) character file.

262 Marcoleric the Covert (level 5, -2/26 HPs)
             Began as a Spriggan Assassin on Aug 30, 2018.
             Killed from afar by Natasha (5 damage)
             ... with a magic dart
             ... on level 4 of the Dungeon.
             The game lasted 00:16:07 (4012 turns).

Marcoleric the Covert (Spriggan Assassin)           Turns: 4012, Time: 00:16:07

Health: -2/26      AC:  4    Str:  7    XL:     5   Next: 97%
Magic:  6/6        EV: 19    Int: 13    God:
Gold:   179        SH:  0    Dex: 18    Spells: 4/4 levels left

rFire    . . .     SeeInvis +   b - +0 blowgun
rCold    . . .     Gourm    .   (shield restricted)
rNeg     . . .     Faith    .   c - +1 robe
rPois    .         Spirit   .   (helmet restricted)
rElec    .         Reflect  .   d - +0 cloak
rCorr    .         Harm     .   (gloves unavailable)
MR       .....                  (boots unavailable)
Stlth    ++++......             (no amulet)
HPRegen  0.08/turn              (no ring)
MPRegen  0.10/turn              (no ring)

@: very quick
A: very small, unfitting armour, see invisible, herbivore, speed 3, slow
metabolism 2
a: no special abilities


You were on level 4 of the Dungeon.
You were not hungry.

You visited 1 branch of the dungeon, and saw 4 of its levels.

You collected 179 gold pieces.

Inventory:

Hand Weapons
 a - a +2 dagger
 b - a +0 blowgun (weapon)
Missiles
 f - a curare-tipped needle (quivered)
Armour
 c - a +1 robe (worn)
 d - a +0 cloak (worn)
 i - a +0 helmet
 n - a +0 robe
Jewellery
 l - an uncursed amulet of harm {unknown}
Scrolls
 j - a scroll of amnesia
 m - 2 scrolls of identify
Potions
 h - a potion of curing
Comestibles
 g - 6 rations


   Skills:
 + Level 2.0 Fighting
 + Level 3.5 Short Blades
 + Level 2.3 Throwing
 + Level 3.8 Dodging
 * Level 9.0 Stealth


You had 4 spell levels left.
You didn't know any spells.
Your spell library contained the following spells:

 Spells                   Type           Power        Failure   Level  Hunger
 Magic Dart               Conj           #...         30%         1    ##.....
 Blink                    Tloc           N/A          43%         2    ###....
 Call Imp                 Summ           #.......     43%         2    ###....
 Slow                     Hex            #.......     43%         2    ###....
 Conjure Flame            Conj/Fire      #.......     67%         3    ####...
 Mephitic Cloud           Conj/Pois/Air  #.......     67%         3    ####...


Dungeon Overview and Level Annotations

Branches:
Dungeon (4/15)
 Temple: D:4-7

Altars:
Fedhas
Gozag
Nemelex Xobeh
Wu Jian
Xom
Yredelemnul
Zin

Shops:
D:3 *

Annotations:
D:4 Natasha


Innate Abilities, Weirdness & Mutations

You are very small and have problems with some larger weapons.
You are too small for most types of armour.
You have supernaturally acute eyesight. (SInv)
You are a herbivore.
You cover ground extremely quickly.
You need to consume almost no food.


Message History

Aim: Natasha (lightly wounded, fast, poisoned)
You shoot a poisoned needle. The poisoned needle misses Natasha.
Natasha mumbles some strange words.
Firing (i - inventory. (/) - cycle)
e - a poisoned needle (quivered)
Press: ? - help, Shift-Dir - straight line, f/p - Natasha
Aim: Natasha (lightly wounded, fast, poisoned)
You shoot a poisoned needle.
The poisoned needle closely misses Natasha.
Firing (i - inventory)
f - 2 curare-tipped needles (quivered)
Press: ? - help, Shift-Dir - straight line, f/p - Natasha
Aim: Natasha (lightly wounded, fast, poisoned)
You shoot a curare-tipped needle. The curare-tipped needle hits Natasha.
Natasha looks even sicker.
Natasha convulses.
Natasha seems to slow down.
Natasha is severely wounded.
The white imp gestures at you. The puff of frost hits you!
* * * LOW HITPOINT WARNING * * *
Natasha casts a spell at you. The magic dart hits you!
You die...

#.######...#..#...# #....##
######.####.###)#..#...#######.##
.................................
............)..............##...
###.........................##...
............................##...
##(...............(..............
#..........................###..
.#......(..(h..†@.........÷......
<........................÷..###..
#####.....5.................# ###
##........................#
#.........................#
##..#......................#
###..#......................#
###..#......................#
.##..#......................#


You could see Natasha and a white imp.

Vanquished Creatures
  2 hounds (D:4)
  An orc wizard (D:3)
  Natasha (twice) (D:4)
  6 adders
  An ooze (D:4)
  An adder skeleton (D:4)
  4 leopard geckos
  3 orcs
  A ball python (D:3)
  2 giant cockroaches
  4 goblins
  8 hobgoblins
  6 jackals
  5 kobolds
  5 bats
  3 frilled lizards
  7 rats
61 creatures vanquished.

Notes
Turn   | Place    | Note
-------+----------+-------------------------------------------
     0 | D:1      | Marcoleric the Spriggan Assassin began the quest for the Orb.
     0 | D:1      | Reached XP level 1. HP: 10/10 MP: 2/2
     2 | D:1      | Noticed a ghoul
     2 | D:1      | Noticed a draconian
     4 | D:1      | Noticed a demigod
     4 | D:1      | Noticed a formicid
     6 | D:1      | Noticed a felid
     6 | D:1      | Noticed a centaur
     8 | D:1      | Noticed a minotaur
     8 | D:1      | Noticed a vampire
    10 | D:1      | Noticed a tengu
    10 | D:1      | Noticed a demonspawn
    12 | D:1      | Noticed an ogre
    14 | D:1      | Noticed a dwarf
    16 | D:1      | Noticed a troll
    18 | D:1      | Noticed an elf
    18 | D:1      | Noticed a halfling
    20 | D:1      | Noticed a spriggan
    22 | D:1      | Noticed a naga
    22 | D:1      | Noticed a human
    24 | D:1      | Noticed a vine stalker
    24 | D:1      | Noticed a merfolk
    26 | D:1      | Noticed a gargoyle
    26 | D:1      | Noticed an octopode
    81 | D:1      | Reached skill level 6 in Stealth
   135 | D:1      | Reached XP level 2. HP: 3/15 MP: 3/3
  1315 | D:2      | Reached skill level 7 in Stealth
  1329 | D:2      | Reached XP level 3. HP: 17/18 MP: 4/4
  1502 | D:2      | Found a shimmering altar of Xom.
  1512 | D:2      | Found a blossoming altar of Fedhas.
  1561 | D:2      | Found a sparkling altar of Nemelex Xobeh.
  2134 | D:3      | Found Gozag's Platinum Reserve.
  2214 | D:3      | Reached XP level 4. HP: 23/23 MP: 5/5
  2410 | D:3      | Found an opulent altar of Gozag.
  2460 | D:3      | Reached skill level 8 in Stealth
  2640 | D:3      | Found a basalt altar of Yredelemnul.
  2885 | D:4      | Reached XP level 5. HP: 10/26 MP: 6/6
  3251 | D:4      | Found an ornate altar of the Wu Jian Council.
  3254 | D:4      | Noticed Natasha
  3540 | D:4      | Killed Natasha
  3834 | D:4      | Found a glowing silver altar of Zin.
  3876 | D:4      | Noticed Natasha
  3892 | D:4      | Killed Natasha
  3892 | D:4      | Reached skill level 9 in Stealth
  4005 | D:4      | Noticed Natasha
  4012 | D:4      | Killed from afar by Natasha

Skill      XL: |  1  2  3  4  5 |
---------------+----------------+-----
Stealth        | 6 7 8 9 |  9.0
Dodging        | 2 3 |  3.8
Short Blades   | 3 |  3.5
Fighting       | 2 |  2.0
Throwing       | |  2.3

Action                   |  1- 3 |  4- 6 || total
-------------------------+-------+-------++-------
Melee: Dagger            |   105 |   149 ||   254
 Fire: Blowgun           |     9 |    12 ||    21
  Use: Scroll            |     5 |     6 ||    11
       Potion            |       |     7 ||     7
 Stab: Sleeping          |    12 |     6 ||    18
       Invisible         |       |     3 ||     3
  Eat: Ration            |       |     1 ||     1
Armor: Robe              |    23 |    18 ||    41
Dodge: Dodged            |   123 |   128 ||   251
